[Event "Early-Titled-Tuesday-Blitz-September-12-2023"]
[Site "Chess.com"]
[Date "2023.09.12"]
[Round "3"]
[White "Yuruultei"]
[Black "C_K_G"]
[Result "1-0"]
[WhiteElo "2346"]
[BlackElo "1961"]
[TimeControl "180+1"]
[EndTime "8:28:57 PDT"]
[Termination "Yuruultei won on time"]

1. d4 d5 2. c4 e6 3. Nf3 Nf6 4. g3 b6 5. Bg2 Bb7 6. O-O Nbd7 7.
Nbd2 Bd6 8. Qc2 h6 9. cxd5 exd5 10. Re1 O-O 11. Nf1 Re8 12. Bd2 c5 13. Bc3 Rc8 14.
N1d2 Ne4 15. Qb1 cxd4 16. Bxd4 Bb4 17. Qd3 Ndc5 18. Bxc5 bxc5 19. Red1 Qf6 20. a3 Ba5 21. Rab1 Rcd8 22. Qb5 Bb6 23. Nxe4 dxe4 24. Nd2 c4 25. e3 c3 26. bxc3 Qxc3 27. Nc4 Qc2 28. Rxd8 Rxd8 29. Nxb6 axb6 30. Qxb6 Rd1+ 31. Rxd1 Qxd1+ 32.
Bf1 Bd5 33. Kg2 Qf3+ 34. Kg1 Qd1 35. Qa6 Be6 36. a4 Bh3 37. a5 Qa1 38. Qa8+ Kh7 39.
Qxe4+ g6 40. Qc4 Kg8 41. a6 h5 42. a7 Bxf1 43. Qxf1 Qxa7 44. Qb1 Qe7 45. Qb3 Kg7 46.
Qc3+ Kh7 47. Qd4 Qe6 48. e4 h4 49. e5 h3 50. Qa1 1-0

[Event "Early-Titled-Tuesday-Blitz-September-12-2023"]
[Site "Chess.com"]
[Date "2023.09.12"]
[Round "3"]
[White "Akylbek2021"]
[Black "OPQRC"]
[Result "0-1"]
[WhiteElo "2313"]
[BlackElo "2599"]
[TimeControl "180+1"]
[EndTime "8:28:58 PDT"]
[Termination "OPQRC won by resignation"]

1. Nf3 d6 2. d4 c6 3. e4 g6 4. Be3 Bg7 5. Bc4 Nf6 6. Nc3 O-O 7. a4 Nxe4 8. Nxe4 d5 9. Bd3 dxe4 10. Bxe4 Nd7 11. O-O Nf6 12. Bd3 Nd5 13. c4 Nxe3 14.
fxe3 c5 15. Be4 cxd4 16. exd4 Qb6 17. Qd2 Bg4 18. c5 Qc7 19. Rad1 Rad8 20. Qe3 b6 21. b4 a5 22. bxa5 bxc5 23. dxc5 Qxa5 24. c6 Qxa4 25. Rxd8 Rxd8 26. c7 Rf8 27. Rc1 Qa6 28.
Qc5 Rc8 29. h3 Bxf3 30. Bxf3 Qd3 31. Kh1 Qd4 32. Qxe7 Bf8 33. Qe2 Bd6 34. Bb7 Qf4 35. Kg1 Qxc1+ 36. Kf2 Qf4+ 37. Ke1 Rxc7 38. Bf3 Qe5 39.
Qxe5 Bxe5 40. Kf2 Re7 41. g4 Bg7 42. Kg3 Bf6 43. Kf4 Bg7 44. g5 Bf8 45. h4 Rc7 46.
Kg4 Rc5 47. Be4 h5+ 48. gxh6 Bxh6 49. Bf3 Bg7 50. Kg3 f5 51. Kf4 Kf7 52. Kg5 Bf6+ 53. Kf4 Rc4+ 54. Kg3 Bxh4+ 55. Kh3 Rc3 56. Kg2 Rxf3 57.
Kxf3 g5 58. Kg2 Kf6 59. Kf3 Ke5 60. Kg2 g4 61. Kf1 f4 62. Kg2 Ke4 63. Kf1 f3 64. Kg1 g3 65. Kf1 Be7 66. Kg1 Bc5+ 67. Kf1 g2+ 68. Ke1 g1=Q+ 0-1

[Event "Early-Titled-Tuesday-Blitz-September-12-2023"]
[Site "Chess.com"]
[Date "2023.09.12"]
[Round "3"]
[White "HanSchut"]
[Black "Rosh1610"]
[Result "1-0"]
[WhiteElo "2262"]
[BlackElo "2430"]
[TimeControl "180+1"]
[EndTime "8:28:59 PDT"]
[Termination "HanSchut won by checkmate"]

1. e4 c5 2. Nf3 d6 3. d4 cxd4 4.
Nxd4 Nf6 5. f3 a6 6. c4 e6 7. Nc3 Be7 8. Be2 Bd7 9. O-O O-O 10. Be3 Nc6 11. Rc1 Rc8 12. Qd2 Qa5 13. Nxc6 Bxc6 14. Nd5 Qd8 15. Nxe7+ Qxe7 16. Rfd1 Rfd8 17. Bb6 Rd7 18.
b4 Ba4 19. Re1 Bc6 20. b5 Bxe4 21. fxe4 Nxe4 22. Qe3 Nc5 23. Bxc5 dxc5 24. Rcd1 Rcd8 25. Rxd7 Rxd7 26. bxa6 bxa6 27. Rd1 Rxd1+ 28. Bxd1 Qd6 29. Bf3 g6 30. h3 h5 31. Kf2 Kg7 32. Ke2 Qb6 33. Qc3+ Kg8 34. Qb3 Qd6 35. Qb7 Qe5+ 36. Kf2 Qd4+ 37. Kg3 Qxc4 38. Qb3 h4+ 39. Kf2 Qd4+ 40.
Ke2 c4 41. Qc2 c3 42. Qd3 Qb4 43. Be4 Qb2+ 44. Qc2 Qb5+ 45. Bd3 Qe5+ 46. Kf1 Kg7 47. Bxa6 f5 48. Bd3 Qd4 49. a4 e5 50. a5 e4 51. Be2 Kf6 52. a6 Ke5 53. a7 Qxa7 54.
Qxc3+ Kf4 55. Qd2+ Kg3 56. Qg5+ Kh2 57. Qf4+ Kh1 58.
Qf2 Qa1+ 59. Qe1 Qb2 60. Kf2+ Kh2 61. Qg1# 1-0

[Event "Early-Titled-Tuesday-Blitz-September-12-2023"]
[Site "Chess.com"]
[Date "2023.09.12"]
[Round "3"]
[White "AliKa2810"]
[Black "ShiroglanTalibov"]
[Result "0-1"]
[WhiteElo "2575"]
[BlackElo "2845"]
[TimeControl "180+1"]
[EndTime "8:29:00 PDT"]
[Termination "ShiroglanTalibov won by resignation"]

1. d4 d5 2. c4 e6 3. Nf3 Nf6 4. g3 dxc4 5. Bg2 Nbd7 6. O-O Nb6 7. a4 a5 8. Qc2 Bb4 9. Nbd2 Bxd2 10. Bxd2 O-O 11.
Rfd1 Bd7 12. Ne5 Nfd5 13. Nxc4 Nxc4 14. Qxc4 Bc6 15. e4 Nb6 16. Qc2 Qxd4 17. Bxa5 Qc4 18. Qxc4 Nxc4 19. Bxc7 Nxb2 20. Rdb1 Nxa4 21. e5 Nc3 22.
Re1 Bxg2 23. Kxg2 Nd5 24. Bd6 Rfc8 25. Rab1 b6 26. Rb2 h5 27. h4 Ra4 28. Reb1 Kh7 29.
Re1 Kg6 30. Reb1 Rc3 31. Re1 Kf5 32. Reb1 Rac4 33. Ra1 Rc2 34. Rxc2 Rxc2 35. Ra7 Kg6 36. Rb7 Ne3+ 37. Kf3 Ng4 38. Rxb6 Rxf2+ 39. Ke4 Re2+ 40.
Kf3 Rf2+ 41. Ke4 Nh6 42. Rb3 Nf5 43. Bb8 Rg2 44. Kf4 Rf2+ 45. Ke4 Rg2 46. Kf4 Rg1 47. Ba7 Rf1+ 48. Ke4 Ne7 49. Be3 Nd5 50. Bg5 Re1+ 51. Kd4 f6 52. exf6 gxf6 53. Bd2 Rd1 54. Kd3 Kf5 55. Ke2 Ra1 56. Kf3 Ra2 57. Bh6 e5 58.
g4+ hxg4+ 59. Kg3 Nf4 60. h5 Nxh5+ 61. Kh4 Rh2+ 0-1

[Event "Early-Titled-Tuesday-Blitz-September-12-2023"]
[Site "Chess.com"]
[Date "2023.09.12"]
[Round "3"]
[White "sergeikim"]
[Black "AlexanderL"]
[Result "0-1"]
[WhiteElo "2583"]
[BlackElo "2856"]
[TimeControl "180+1"]
[EndTime "8:29:01 PDT"]
[Termination "AlexanderL won by resignation"]

1. d4 d5 2. c4 c5 3. e3 cxd4 4. exd4 Nf6 5. Nf3 Nc6 6. Nc3 a6 7. a3 Bg4 8. Be3 e6 9. Bd3 dxc4 10. Bxc4 Bd6 11. O-O O-O 12. Qe2 Bc7 13. Rfd1 Ne7 14. Bg5 Qd6 15. h3 Bxf3 16. Qxf3 Qh2+ 17. Kf1 Nfd5 18. Rac1 Bf4 19. Bxf4 Nxf4 20. g3 Qxh3+ 21. Kg1 Nfg6 22. Qxb7 Rab8 23. Qxa6 Rxb2 24. Bf1 Qf5 25. Be2 h5 26. Qd3 Qa5 27. Ne4 h4 28. Rc5 Qb6 29. Rb5 Rxb5 30. Qxb5 Qa7 31. Qc5 Qa8 32. Bf3 Qb8 33.
Qb4 hxg3 34. fxg3 Qd8 35. Kg2 Nd5 36. Qd2 Qe7 37. Nc5 Rb8 38. Re1 Qd6 39. a4 Nge7 40. Re2 Nf5 41. Qg5 Nxd4 42. Ne4 Qa3 43. Rf2 Nxf3 44. Rxf3 Qxa4 45. Qe5 Rf8 46. Nd6 Qc2+ 47. Kh3 Qh7+ 48. Kg2 Qg6 49. Ne4 Ne7 50. Qg5 Qxe4 51.
Qxe7 e5 52. Qg5 f6 53. Qh5 Rd8 54. Kh3 Qh7 55. Qxh7+ Kxh7 56. Kg4 Kg6 57. Re3 Rd4+ 58. Kf3 Kf5 59. Ra3 g5 60. Rb3 g4+ 61. Ke3 Rd1 62.
Kf2 Rd2+ 63. Ke3 Rg2 0-1

[Event "Early-Titled-Tuesday-Blitz-September-12-2023"]
[Site "Chess.com"]
[Date "2023.09.12"]
[Round "3"]
[White "Kirill_Klukin"]
[Black "laiciffOneslraCsungaM"]
[Result "1-0"]
[WhiteElo "2748"]
[BlackElo "2328"]
[TimeControl "180+1"]
[EndTime "8:29:03 PDT"]
[Termination "Kirill_Klukin won by resignation"]

1. d4 Nf6 2. Nf3 g6 3. e3 Bg7 4. Be2 O-O 5. O-O c5 6. dxc5 Na6 7. a3 Nxc5 8. b4 Nce4 9. Bb2 d6 10. c4 Be6 11.
Nd4 Bd7 12. Nd2 Nxd2 13. Qxd2 Rc8 14. Rac1 a6 15. Bf3 Bc6 16. Nxc6 bxc6 17. Rfd1 Nd7 18.
Bxg7 Kxg7 19. c5 d5 20. e4 e6 21. Be2 Ra8 22. a4 Qc7 23. b5 axb5 24. axb5 cxb5 25. exd5 exd5 26. Qxd5 Nf6 27. Qd6 Qa5 28. Bf3 Rad8 29.
Qe5 Rxd1+ 30. Rxd1 Re8 31. Qa1 Qxa1 32. Rxa1 Nd7 33.
c6 Ne5 34. Bd5 Rc8 35. Rc1 g5 36. Rc5 b4 37. c7 b3 38. Bxb3 Nd3 39. Rc3 Nb4 40.
Ba4 Nd5 41. Rc5 Nxc7 42. h3 Ra8 43. Rxg5+ Kf6 44. Rg4 Nd5 45. Bb3 Ne7 46. Rf4+ Kg6 47.
Bxf7+ Kg7 48. Bc4 Ng6 49. Rg4 Ra1+ 50. Kh2 Ra3 51. Bd5 Kf6 52. Rg3 Ke5 53. Rxa3 Kxd5 54. Ra5+ Ke6 55. Ra6+ Kf5 56. Rxg6 1-0

[Event "Early-Titled-Tuesday-Blitz-September-12-2023"]
[Site "Chess.com"]
[Date "2023.09.12"]
[Round "3"]
[White "Payyappat"]
[Black "Alex_Banzea"]
[Result "1-0"]
[WhiteElo "2497"]
[BlackElo "2644"]
[TimeControl "180+1"]
[EndTime "8:29:05 PDT"]
[Termination "Payyappat won on time"]

1. e4 c6 2. d4 d5 3. Nc3 dxe4 4. Nxe4 Nf6 5. Nxf6+ exf6 6. Bc4 Bd6 7. Qe2+ Be7 8. Nf3 O-O 9. O-O Bd6 10. Re1 Na6 11. c3 Nc7 12. Be3 Re8 13. Bb3 Nd5 14. Qd2 Bg4 15. Nh4 g5 16. h3 Be6 17. Nf3 Qd7 18. Bxg5 Bxh3 19. Bxd5 cxd5 20. Bxf6 Qg4 21. Qg5+ Qxg5 22. Nxg5 Bf5 23. Nf3 h6 24. Be5 Bf8 25. Nh4 Be6 26. Re3 Kh7 27. f4 Be7 28. f5 Bxh4 29. fxe6 fxe6 30. Rf1 Rf8 31. Ref3 Kg8 32. g3 Bg5 33. Kg2 Rxf3 34. Rxf3 Rf8 35. b3 Rxf3 36. Kxf3 Kf7 37. Kg4 b5 38. a4 bxa4 39.
bxa4 a6 40. Kh5 Bd2 41. g4 Ke7 42. Bg7 Kf7 43. Bxh6 Bxc3 44. Be3 e5 45. dxe5 d4 46. Bf4 d3 47. g5 Bxe5 48. g6+ Kg8 49. Bd2 Bd4 50. Kg5 Kf8 51. Kh6 Kg8 52. Kg5 Kg7 53. Kf5 Kg8 54. Ke4 Bf6 55. Bh6 d2 56. Bxd2 Kg7 57.
Kf5 Bb2 58. Bg5 Kg8 59. Bh6 Ba1 60. Ke6 Bc3 61. Kd6 Bd4 62. Kc6 Bf2 63. a5 Be1 64. Kb6 Bf2+ 65. Kxa6 Bg1 66. Kb7 1-0

[Event "Early-Titled-Tuesday-Blitz-September-12-2023"]
[Site "Chess.com"]
[Date "2023.09.12"]
[Round "3"]
[White "zverr1"]
[Black "Niilo1"]
[Result "0-1"]
[WhiteElo "2494"]
[BlackElo "2285"]
[TimeControl "180+1"]
[EndTime "8:29:07 PDT"]
[Termination "Niilo1 won by checkmate"]

1. d4 Nf6 2. c4 e6 3. Nf3 d5 4. g3 Bb4+ 5. Bd2 Be7 6. Bg2 O-O 7. O-O c6 8. Bc3 Ne4 9. Nbd2 Nxc3 10. bxc3 b6 11.
Ne5 Bb7 12. cxd5 cxd5 13. c4 Nd7 14. Nxd7 Qxd7 15. e3 Rac8 16. Rc1 Ba6 17. Qb3 dxc4 18. Nxc4 Qc7 19. Nd2 Qxc1 20. Rxc1 Rxc1+ 21. Bf1 Rfc8 22. Kg2 Bb7+ 23. e4 R1c2 24. Qe3 f5 25. Kh3 Bb4 26. exf5 Bxd2 27. Qxe6+ Kh8 28. f6 Bh6 29. f7 Rf8 30. Qe7 Bc8+ 31. Kg2 g6 32. Bd3 Rd2 33. Bc4 Rxd4 34. Bb3 Bg7 35. h4 Bf5 36. h5 Re4 37. Qxa7 gxh5 38. Qxb6 Bg6 39. Qd6 Re5 40. a4 Rf5 41. Qb4 Bxf7 42. Bc2 Rf6 43. a5 Bg6 44. Bxg6 Rxf2+ 45. Kh3 hxg6 46. Qe4 R2f6 47. Qd3 Ra8 48.
Qd5 Rfa6 49. Qg5 Kh7 50. Qd5 Rxa5 51. Qf7 R5a7 52. Qd5 Ra3 53. Qe4 R8a4 54. Qc2 Rg4 55. Kh2 Raxg3 56. Qc6 Kh6 57. Qe8 h4 58. Qb8 h3 59. Qb7 Rg5 60. Qc7 Be5 61. Qc1 Rg2+ 62. Kxh3 Rh2# 0-1

[Event "Early-Titled-Tuesday-Blitz-September-12-2023"]
[Site "Chess.com"]
[Date "2023.09.12"]
[Round "3"]
[White "BahadirOzen"]
[Black "MasterKroket"]
[Result "0-1"]
[WhiteElo "2794"]
[BlackElo "2425"]
[TimeControl "180+1"]
[EndTime "8:29:08 PDT"]
[Termination "MasterKroket won by resignation"]

1. g3 d5 2. Nf3 c6 3. Bg2 h6 4. O-O Bf5 5. d3 e6 6. c4 Nf6 7. Qb3 Qb6 8. Qc2 Be7 9. cxd5 exd5 10. Nc3 Bh7 11. e4 dxe4 12. dxe4 O-O 13. Be3 Qc7 14. h3 Bb4 15. Nd4 Re8 16. Nf5 Nbd7 17. Bf4 Ne5 18. Nb5 Qb8 19. Nbd4 Ba5 20. Rad1 Bc7 21.
Bc1 Ng6 22. f4 Ne7 23. g4 Nxf5 24. exf5 Bb6 25. Kh1 Qc7 26. g5 Nh5 27. g6 Ng3+ 28.
Kh2 Nxf1+ 29. Bxf1 Rad8 30. gxh7+ Kxh7 31. Nf3 Rxd1 32. Qxd1 Be3 33. Ne5 Rxe5 34. fxe5 Qxe5+ 35. Kh1 Bxc1 36. Qxc1 Qxf5 37. Qd1 g6 38. Bg2 Qe5 39. Qd2 Kg7 40.
a3 c5 41. Bxb7 g5 42. Bg2 h5 43. Qc3 Kf6 44. Kg1 Qxc3 45. bxc3 Ke5 46. Kf2 Kf4 47.
Bc6 f5 48. Be8 h4 49. Bc6 g4 50. hxg4 fxg4 51. c4 a5 52. a4 g3+ 53. Kg2 Ke5 54.
Kh3 Kd4 55. Bd5 Kc3 56. Kg2 Kb4 57. Kh3 Kxa4 58. Kxh4 g2 59. Bxg2 Kb3 60. Bc6 a4 61. Bxa4+ Kxa4 62. Kg3 Kb4 63. Kf2 Kxc4 64. Ke2 Kb3 65.
Kd1 Kc3 66. Kc1 c4 67. Kb1 Kd2 0-1

[Event "Early-Titled-Tuesday-Blitz-September-12-2023"]
[Site "Chess.com"]
[Date "2023.09.12"]
[Round "3"]
[White "DavidLana1987"]
[Black "GiorgianBarbosa"]
[Result "1/2-1/2"]
[WhiteElo "2616"]
[BlackElo "2455"]
[TimeControl "180+1"]
[EndTime "8:29:08 PDT"]
[Termination "Game drawn - insufficient material"]

1. e4 c5 2. Nf3 g6 3. d4 cxd4 4. Qxd4 Nf6 5. Nc3 Nc6 6. Qa4 d6 7. e5 dxe5 8. Nxe5 Bd7 9. Nxd7 Nxd7 10. Bb5 Bg7 11. Be3 O-O 12. Rd1 Qc8 13. Nd5 Re8 14. O-O Nb6 15. Bxb6 axb6 16. Qe4 Rxa2 17. Bxc6 bxc6 18.
Nxe7+ Kf8 19. Nxc8 Rxe4 20. Nxb6 Rxb2 21. Nd7+ Ke7 22.
Nc5 Re2 23. Rd7+ Kf6 24. Rd6+ Kg5 25. Rxc6 Rbxc2 26. Ne4+ Kh6 27. Rxc2 Rxc2 28. g3 Bd4 29. Nd6 f5 30. Kg2 Kg7 31. h3 h5 32. g4 fxg4 33. hxg4 hxg4 34. Ne4 Re2 35. Ng3 Rb2 36. Ne4 Kf7 37. Kg3 Ke6 38. Kxg4 Kd5 39. f3 Rg2+ 40. Kh3 Rg1 41. Rxg1 Bxg1 42. Kg4 Ke5 43. Ng5 Kf6 44. Ne4+ Kg7 45. Nc3 Ba7 46. Ne2 Bb8 47. Nd4 Ba7 48.
Nc6 Bb6 49. Ne5 Ba7 50. Nc4 Kh7 51. Nd6 Bc5 52. Nf7 Bb6 53. Ng5+ Kg7 54. Ne6+ Kh7 55.
Ng5+ Kg7 56. Nh3 Kh7 57. Kf4 Ba7 58. Ke5 Bb8+ 59. Kf6 Ba7 60. Kg5 Kg7 61. Kg4 Kh6 62. Ng5 Kg7 63. Ne6+ Kh6 64. Nf4 Be3 65. Nd3 Ba7 66.
Nb4 Bc5 67. Nd3 Be3 68. Ne5 Ba7 69. Nf7+ Kg7 70. Ng5 Kh6 71. Nh3 Bb8 72. Ng5 Ba7 73. Nf7+ Kg7 74. Nd8 Kh6 75. Kf4 Bg1 76. Ke4 Bb6 77.
Kd5 Bg1 78. Ke6 Bb6 79. Nf7+ Kh5 80. Ke5 Bc7+ 81. Ke4 g5 82. Kf5 Bf4 83. Nd8 Kh4 84.
Ne6 Kg3 85. Ke4 g4 86. fxg4 Kxg4 1/2-1/2

[Event "Early-Titled-Tuesday-Blitz-September-12-2023"]
[Site "Chess.com"]
[Date "2023.09.12"]
[Round "3"]
[White "santosalberto1987"]
[Black "IngOscarArdila"]
[Result "1-0"]
[WhiteElo "2550"]
[BlackElo "2314"]
[TimeControl "180+1"]
[EndTime "8:29:10 PDT"]
[Termination "santosalberto1987 won by resignation"]

1. e4 e5 2. Nf3 Nf6 3. Nxe5 d6 4. Nf3 Nxe4 5. d4 Be7 6. Bd3 d5 7. O-O Nc6 8. Re1 Bf5 9. c4 Nb4 10. Bf1 O-O 11. a3 Nc6 12. Bd3 Bf6 13. cxd5 Qxd5 14.
Bxe4 Bxe4 15. Nc3 Bxf3 16. Nxd5 Bxd1 17. Nxf6+ gxf6 18. Rxd1 Rad8 19. Be3 Rd5 20. Rac1 Rfd8 21. Kf1 f5 22. g3 f6 23. Ke2 Kf7 24. Rc5 Ke6 25. Rxd5 Rxd5 26. Kd3 Ne5+ 27. Kc3 Ng4 28. h3 Nxe3 29. fxe3 c6 30. Rf1 Rd8 31. g4 fxg4 32. hxg4 Rg8 33. Rf4 Rg5 34. b4 h5 35. gxh5 Rxh5 36. Rg4 Rh3 37. Kd3 Rh7 38. Rg8 f5 39.
a4 a6 40. Kc4 Kd6 41. Rf8 Re7 42. Rf6+ Kc7 43. Kd3 b5 44. axb5 axb5 45. Rxf5 Rh7 46. Rg5 Rh3 47. Rg7+ Kb6 48. Rg6 Kc7 49. Rf6 Rh1 50. Rf2 Rb1 51. Kc3 Rc1+ 52. Rc2 Re1 53. Kd3 Rb1 54. d5 Rb3+ 55. Kd2 Rxb4 56. Rxc6+ Kd7 57. Kd3 Rb1 58. e4 b4 59. Rb6 b3 60.
Kd4 Rd1+ 61. Ke5 Rb1 62. d6 b2 63. Rb5 Kc6 64. Rb3 Rd1 65. Rxb2 Rxd6 66. Rb6+ Kxb6 67. Kxd6 Kb7 68. Kd7 Kb8 69. e5 Kb7 70. e6 Kb6 71. e7 1-0

[Event "Early-Titled-Tuesday-Blitz-September-12-2023"]
[Site "Chess.com"]
[Date "2023.09.12"]
[Round "3"]
[White "splendidkid"]
[Black "amintabatabaei"]
[Result "0-1"]
[WhiteElo "2751"]
[BlackElo "3050"]
[TimeControl "180+1"]
[EndTime "8:29:11 PDT"]
[Termination "amintabatabaei won by checkmate"]

1. d4 Nf6 2. c4 e6 3. Nf3 d5 4. Nc3 c6 5. Bg5 h6 6. Bh4 dxc4 7. a4 Bb4 8. e3 b5 9. Be2 Bb7 10. O-O a6 11. Ne5 Nbd7 12. f4 Be7 13. Bf3 O-O 14. Nxc6 Bxc6 15. Bxc6 b4 16. Bxa8 bxc3 17. Bf3 cxb2 18.
Rb1 c3 19. Qb3 Qa5 20. Be1 Bb4 21. Rf2 c2 22. Rxc2 Bxe1 23. Rbxb2 Rb8 24. Qc4 Bb4 25. g3 Qb6 26. a5 Qxa5 27. Ra2 Qb5 28. Rxa6 Qxc4 29.
Rxc4 Bd2 30. e4 Nb6 31. Rc7 Be3+ 32. Kg2 Bxd4 33. h4 e5 34. f5 h5 35. Ra2 Nbd7 36.
Rcc2 Nc5 37. Re2 Rb1 38. Kh3 Rb3 39. Kg2 Rb7 40. Ra8+ Kh7 41. Raa2 Rd7 42. Ra5 Rc7 43. Rb5 g6 44. fxg6+ Kxg6 45. Rb8 Kg7 46. Rd8 Ne6 47. Rb8 Rc3 48. Ra8 Bc5 49. Raa2 Nd4 50. Rf2 Rc1 51. Ra7 Nb5 52. Ra5 Bxf2 53. Kxf2 Rc2+ 54.
Ke3 Nd4 55. Bd1 Rc3+ 56. Kd2 Nxe4+ 57. Ke1 Rxg3 58. Rxe5 Rg1# 0-1

[Event "Early-Titled-Tuesday-Blitz-September-12-2023"]
[Site "Chess.com"]
[Date "2023.09.12"]
[Round "3"]
[White "Zurability"]
[Black "YEIKO2017"]
[Result "0-1"]
[WhiteElo "2788"]
[BlackElo "2521"]
[TimeControl "180+1"]
[EndTime "8:29:12 PDT"]
[Termination "YEIKO2017 won by resignation"]

1. Nf3 c5 2. c3 g6 3. d4 cxd4 4.
cxd4 Bg7 5. Nc3 d5 6. Bf4 Nf6 7. e3 O-O 8. Bd3 Bf5 9. Bxf5 gxf5 10. O-O e6 11. Ne5 Nbd7 12. Nd3 a6 13. Rc1 Rc8 14. Qb3 Qb6 15. Qxb6 Nxb6 16. Nc5 Nc4 17. b3 Nd2 18. Rfd1 Nde4 19. N3a4 b5 20. Nb6 Rc6 21. Nxe4 Rxb6 22.
Bc7 Rb7 23. Nd6 Ra7 24. Rc6 Ne4 25. f3 Rxc7 26. Rxc7 Nxd6 27. Rc6 Rd8 28. Rxa6 f4 29.
exf4 Nf5 30. a4 b4 31. Kf2 Bxd4+ 32. Ke2 Bc3 33. Kd3 Rc8 34. Rc1 Kg7 35. a5 Kf6 36. Rb6 Ra8 37. a6 Nd4 38. Rxc3 bxc3 39. Kxd4 c2 40. Rc6 Rxa6 41. Rxc2 Ra1 42. Rb2 Ke7 43. b4 Kd6 44. b5 Rd1+ 45. Ke3 Kc7 46. Rc2+ Kb7 47.
Rc6 Rb1 48. Rd6 Kc7 49. Rc6+ Kb7 50. Kd4 Rxb5 51. Rc2 Rb1 52. Ke5 Rh1 53. g3 Rf1 54. Kf6 Rxf3 55. Re2 d4 56. Kxf7 d3 57. Rd2 e5 58. Kg7 e4 59. Rd1 Kc6 60. Kxh7 Kd5 61. Kg6 Kd4 62. f5 e3 63. f6 e2 64. Re1 d2 65.
Rxe2 d1=Q 66. Re8 Qd3+ 67. Kg7 Qf5 68. Rd8+ Kc5 69. Rf8 Qg5+ 70. Kh7 Rxf6 0-1

[Event "Early-Titled-Tuesday-Blitz-September-12-2023"]
[Site "Chess.com"]
[Date "2023.09.12"]
[Round "3"]
[White "AlexandraSamaganova"]
[Black "Manukyan_Artak"]
[Result "0-1"]
[WhiteElo "2294"]
[BlackElo "2522"]
[TimeControl "180+1"]
[EndTime "8:29:13 PDT"]
[Termination "Manukyan_Artak won on time"]

1. c4 g6 2. Nc3 Bg7 3. g3 d6 4.
Bg2 e5 5. e3 c5 6. Nge2 Nc6 7.
O-O Be6 8. Nd5 Nge7 9. Nec3 O-O 10. h3 Qd7 11. Kh2 f5 12. f4 e4 13. Qe2 Nb4 14.
Nxe7+ Qxe7 15. b3 Rad8 16. Rb1 h5 17. h4 d5 18. a3 Nd3 19. cxd5 Bxd5 20. Nxd5 Rxd5 21.
b4 c4 22. a4 Rfd8 23. Ba3 Qd7 24. b5 a6 25. bxa6 bxa6 26. Rb6 Qxa4 27. Be7 R8d7 28. Bf6 Nc5 29. Rc1 Rxd2 30. Qxc4+ Qxc4 31. Rxc4 R2d5 32. Bxg7 Kxg7 33. Kh3 Kf7 34. Rcb4 Ne6 35. Rxa6 R5d6 36.
Rbb6 Rxb6 37. Rxb6 Rd1 38. Rb3 Nc5 39. Rc3 Nd3 40. Kh2 Nf2 41. Rc7+ Kf6 42. Rc6+ Kg7 43. Rc7+ Kh6 44. Rc3 Ng4+ 45. Kh3 Re1 46. Ra3 Rxe3 47. Ra8 Re2 48. Rh8+ Kg7 49. Ra8 Ne3 50. Bh1 Rf2 51.
Ra7+ Kh6 52. Ra3 Ng4 53. Bg2 e3 54. Ra1 e2 55. Re1 Ne3 56. Bh1 Nc2 57. Rc1 e1=Q 58. Rxe1 Nxe1 59. Bd5 Nf3 60. Bxf3 Rxf3 61. Kg2 Rc3 62.
g4 Kg7 63. gxh5 gxh5 64. Kf2 Kf6 0-1

[Event "Early-Titled-Tuesday-Blitz-September-12-2023"]
[Site "Chess.com"]
[Date "2023.09.12"]
[Round "3"]
[White "Let_it_be_1"]
[Black "Stewie_89"]
[Result "1-0"]
[WhiteElo "2675"]
[BlackElo "2474"]
[TimeControl "180+1"]
[EndTime "8:29:15 PDT"]
[Termination "Let_it_be_1 won by checkmate"]

1. e4 c5 2. Nf3 e6 3. d4 cxd4 4. Nxd4 a6 5. Nc3 Qc7 6. Be2 Nf6 7. O-O d6 8. a4 b6 9. f4 Bb7 10. Bf3 Nbd7 11. Qe2 Be7 12. e5 dxe5 13. fxe5 Bc5 14. Be3 Nxe5 15. Bxb7 Qxb7 16. Nxe6 Bxe3+ 17. Qxe3 Nfg4 18. Nxg7+ Kf8 19. Qf4 Kxg7 20. h3 Rhe8 21. hxg4 Ng6 22. Qf6+ Kg8 23. Rad1 b5 24. Nd5 bxa4 25. Qf3 Qa7+ 26. Kh1 Re6 27. Nf6+ Kg7 28. Rd7 Qe3 29. Nh5+ Kh8 30. Qxf7 Re7 31. Qf6+ Kg8 32. Rd3 Qe2 33.
Rdf3 Qe4 34. Qg5 Qe5 35. Qh6 Qe6 36. Qg5 Qe5 37. Rf5 Qe6 38. Rf6 Qe5 39. Rxg6+ hxg6 40.
Qxg6+ Kh8 41. Qh6+ Kg8 42. Nf6+ Qxf6 43. Qxf6 Rg7 44. Qe6+ Kh7 45. Kh2 Raa7 46. Kg3 Kh8 47. Rh1+ Rh7 48. Qe8+ Kg7 49. Rxh7+ Kxh7 50. Qe4+ Kg8 51.
Qg6+ Kf8 52. Qf6+ Rf7 53. Qd8+ Kg7 54. Qd4+ Rf6 55. Qxa4 Kg6 56. Qd4 Re6 57. Qd5 Kf7 58.
Qxe6+ Kxe6 59. Kf4 Kf6 60. g5+ Kg6 61. Kg4 Kg7 62. Kf5 Kf7 63. b4 Kg7 64. g6 Kf8 65.
Kf6 Kg8 66. g7 a5 67. bxa5 Kh7 68. a6 Kh6 69. a7 Kh5 70. a8=Q Kg4 71. Qd5 Kg3 72.
g8=Q+ Kh2 73. Qge6 Kg1 74. Qee4 Kh2 75. g4 Kg1 76.
Qg2# 1-0

[Event "Early-Titled-Tuesday-Blitz-September-12-2023"]
[Site "Chess.com"]
[Date "2023.09.12"]
[Round "3"]
[White "Mr_Lion22"]
[Black "benny_aizenberg"]
[Result "0-1"]
[WhiteElo "2442"]
[BlackElo "2624"]
[TimeControl "180+1"]
[EndTime "8:29:17 PDT"]
[Termination "benny_aizenberg won on time"]

1. d4 g5 2. Bxg5 Bg7 3. Nc3 c5 4. Nf3 cxd4 5. Nxd4 Qb6 6. Nb3 Nc6 7. e3 e6 8. Qd6 a5 9. Nb5 Be5 10. Qc5 Qxc5 11. Nxc5 b6 12. Nd3 Bb8 13. Bf4 e5 14.
Bg5 h6 15. Bh4 d5 16. O-O-O Ba6 17. Nc3 Nge7 18. g3 Bd6 19. Bg2 e4 20. Nf4 Bxf4 21. exf4 O-O-O 22. Rd2 f5 23. Rhd1 d4 24. Ne2 Bxe2 25. Rxe2 Rd6 26. Red2 Rhd8 27. c3 d3 28. Bf1 R8d7 29. f3 Nd5 30. fxe4 fxe4 31. Bh3 Ne3 32.
Re1 Nc4 33. Bxd7+ Kxd7 34. Rxe4 Nxd2 35. Kxd2 b5 36. g4 b4 37. f5 bxc3+ 38. bxc3 Rd5 39. f6 Ne5 40. Bg3 Nf3+ 41. Kc1 d2+ 42. Kd1 Rb5 43. Rd4+ Ke6 44. Rd3 Rb1+ 45. Ke2 Re1+ 46.
Kxf3 d1=Q+ 47. Rxd1 Rxd1 48. g5 hxg5 49. Ke2 Ra1 50. Kd3 Rxa2 51. c4 Kxf6 52. c5 Ke6 53. c6 Ra3+ 54. Kc4 Ke7 55. Kb5 a4 56. Kb6 Rc3 57. c7 Kd7 58. Be1 Rc2 0-1

[Event "Early-Titled-Tuesday-Blitz-September-12-2023"]
[Site "Chess.com"]
[Date "2023.09.12"]
[Round "3"]
[White "leschebaza"]
[Black "Gentlejimmy7"]
[Result "0-1"]
[WhiteElo "2376"]
[BlackElo "2564"]
[TimeControl "180+1"]
[EndTime "8:29:17 PDT"]
[Termination "Gentlejimmy7 won by checkmate"]

1. Nf3 f5 2. d4 Nf6 3. g3 g6 4. Bg2 Bg7 5. O-O O-O 6. c4 d6 7. d5 e5 8. dxe6 Bxe6 9. Qc2 h6 10. Nd4 Bc8 11. Nc3 Kh7 12. h4 Nc6 13. Nxc6 bxc6 14. Bxc6 Rb8 15. e4 fxe4 16. Nxe4 Bb7 17. Bxb7 Rxb7 18. Rb1 Rb8 19. Be3 a5 20. b3 Qe7 21.
Nxf6+ Qxf6 22. h5 Qf5 23. hxg6+ Kxg6 24. Qxf5+ Rxf5 25. Kg2 h5 26. Rfd1 a4 27. bxa4 Ra8 28.
Rb7 Rf7 29. Rd5 Rxa4 30. Rg5+ Kh7 31. Rxh5+ Kg6 32. Rg5+ Kh7 33. Ra7 Rxc4 34. a4 Rc2 35.
Rd5 Kg6 36. Rd2 Rxd2 37. Bxd2 Bd4 38. Be3 Bxa7 39. Bxa7 Rf8 40. f4 Ra8 41. Be3 Rxa4 42. g4 c5 43. f5+ Kf6 44. Kf3 Ke5 45. Bh6 Ra3+ 46. Kf2 d5 47. Bf8 Kf4 48. f6 Ra2+ 49. Ke1 Kg5 50. f7 Kg6 51. Bxc5 Kxf7 52. g5 Kg6 53.
Be7 Kf5 54. Bf6 Rg2 55. Kf1 Ra2 56. Ke1 Rh2 57. Kf1 Rc2 58. Ke1 Rc6 59. Kd2 Ke4 60. Bd8 d4 61. Bf6 d3 62. Bh8 Rc2+ 63.
Kd1 Rg2 64. Bf6 Ke3 65. Kc1 d2+ 66. Kc2 Ke2 67. g6 d1=Q+ 68. Kc3 Rxg6 69. Bg5 Rc6+ 70. Kb4 Qb1+ 71. Ka3 Ra6# 0-1

[Event "Early-Titled-Tuesday-Blitz-September-12-2023"]
[Site "Chess.com"]
[Date "2023.09.12"]
[Round "3"]
[White "rachidhuilda"]
[Black "Dewarfd"]
[Result "0-1"]
[WhiteElo "2399"]
[BlackElo "2150"]
[TimeControl "180+1"]
[EndTime "8:29:19 PDT"]
[Termination "Dewarfd won by resignation"]

1. d4 d5 2. Nf3 e6 3. c4 c5 4. g3 Nc6 5. Bg2 Nf6 6. O-O cxd4 7.
Nxd4 Bc5 8. Nb3 Bb6 9. cxd5 exd5 10.
Nc3 Be6 11. Na4 Bc7 12. Nac5 b6 13. Nxe6 fxe6 14. e4 O-O 15. Bg5 dxe4 16. Rc1 Ne5 17. Bxf6 Rxf6 18. Bxe4 Rc8 19. Nd4 Bd6 20. Nxe6 Rxc1 21.
Nxd8 Rxd1 22. Rxd1 Bc5 23. Rd2 Be7 24. Nb7 Nf3+ 25. Bxf3 Rxf3 26. Rd7 Kf8 27. Nd6 Rd3 28. Rxa7 Rxd6 29. Kg2 Rd2 30. b3 Bc5 31. h4 Rxf2+ 32.
Kh3 Rf3 33. Kg4 Rc3 34. Rb7 Bf2 35. Kf5 Rxg3 36. Ke6 Re3+ 37. Kd6 Rh3 38. Ke6 Re3+ 39. Kd6 Re4 40. a4 Rxh4 41. Ke6 Re4+ 42. Kd5 Re3 43. b4 Rd3+ 44. Kc4 Ra3 45. Kb5 Rb3 46. Rd7 Be1 47.
Kxb6 Rxb4+ 48. Kc6 Rxa4 49. Rd1 Re4 50. Kd5 Re7 51.
Kc6 Bh4 52. Rd4 Bf6 53. Rf4 Kf7 54. Rf3 g5 55. Kd6 g4 56. Rf1 h5 57. Rh1 Kg6 58.
Kd5 Kg5 59. Rf1 h4 60. Rg1 g3 61. Rf1 g2 62. Rf2 h3 63. Rf3 g1=Q 64. Rd3 Qd4+ 65.
Rxd4 Bxd4 66. Kxd4 h2 0-1